 Dungeon Crawl Stone Soup version 0.29.0-5-ge4962eb29e (console) character file.

Game seed: 6483296193168176864

163935 odiv the Necromancer (level 16, -12/111 HPs)
             Began as a Demonspawn Wanderer on Aug 29, 2022.
             Was the Champion of Hepliaklqana.
             Mangled by Aizul (25 damage)
             ... on level 2 of the Lair of Beasts on Aug 30, 2022.
             The game lasted 04:14:26 (46785 turns).

odiv the Necromancer (Demonspawn Wanderer)         Turns: 46785, Time: 04:14:26

Health: -12/111    AC:  9    Str: 15    XL:     16   Next: 99%
Magic:  0/25       EV:  2    Int: 16    God:    Hepliaklqana [******]
Gold:   181        SH:  0    Dex: 16    Spells: 4/27 levels left

rFire   + + +      SeeInvis .   a - +1 broad axe (vamp)
rCold   + + +      Faith    .   I - +2 buckler {rF+}
rNeg    . . .      Spirit   +   V - +2 robe {rC+ rF+}
rPois   +          Reflect  .   O - +1 hat
rElec   +          Harm     .   Q - scarf {rC+ rF+}
rCorr   +          Rampage  +   (gloves unavailable)
Will    +....                   (no boots)
Stlth   +.........              B - amulet of Uskayaw's Favour {Acrobat Rampage rElec}
HPRegen 0.28/turn               y - ring of the Octopus King {rCorr HP+2 AC+2 EV+2 SH+2}
MPRegen 0.38/turn               s - ring of wizardry

@: confused, mighty, agile, resistant, sleeping, ambrosia-drunk, hasted,
studying Necromancy
A: reduced essence, rugged brown scales 2, powered by pain 2, magic shield,
magic regeneration, magic link, corrupting presence 1, demonic touch 3
}: 1/15 runes: barnacled
a: Renounce Religion, Recall Ancestor, Ancestor Identity, Transference, Idealise


You were on level 2 of the Lair of Beasts.
You worshipped Hepliaklqana.
Hepliaklqana was exalted by your worship.
You visited 8 branches of the dungeon, and saw 29 of its levels.
You visited 1 bazaar.
You also visited: Sewer, Ice Cave and Volcano.

You collected 3287 gold pieces.
You spent 3106 gold pieces at shops.

Inventory:

Hand Weapons
 a - a +1 vampiric broad axe (weapon)
 b - a +1 hand crossbow of flaming
 k - a +3 demon trident of draining
 r - a +2 demon trident of electrocution
 F - a +2 demon whip of freezing
Missiles
 H - 20 javelins
 L - 3 throwing nets (quivered)
Armour
 f - a +0 pair of boots of rampaging
 v - a +2 robe of willpower
 D - a +2 leather armour of poison resistance
 I - a +2 buckler of fire resistance (worn)
 O - a +1 hat (worn)
 Q - a scarf of resistance (worn)
 V - a +2 robe of resistance (worn)
Jewellery
 m - a +4 ring of protection
 p - a ring of see invisible
 q - an amulet of reflection
 s - a ring of wizardry (right hand)
 y - a ring of the Octopus King (left hand) {rCorr HP+2 AC+2 EV+2 SH+2}
   (You took it off a merfolk on level 4 of the Shoals)

   [ring of resist corrosion]

   AC:        It affects your AC (+2).
   EV:        It affects your evasion (+2).
   HP:        It affects your health (+2).
   rCorr:     It protects you from acid and corrosion.
   SH:        It affects your SH (+2).
 B - the amulet of Uskayaw's Favour (around neck) {Acrobat Rampage rElec}
   (You took it off a merfolk on level 4 of the Shoals)

   [amulet of the acrobat]

   It increases your evasion while moving and waiting.
   rElec:     It insulates you from electricity.
   Rampage:   It bestows one free step when moving towards enemies.
 N - an amulet of faith
 W - a ring of protection from cold
Wands
 l - a wand of flame (7)
 t - a wand of quicksilver (4)
 w - a wand of mindburst (6)
 z - a wand of charming (20)
 C - a wand of digging (14)
 X - a wand of roots (5)
 Y - a wand of polymorph (3)
Scrolls
 d - 2 scrolls of summoning
 g - 5 scrolls of teleportation
 h - 4 scrolls of identify
 j - 7 scrolls of enchant armour
 u - 5 scrolls of enchant weapon
 A - a scroll of brand weapon
 J - 3 scrolls of fear
 P - 3 scrolls of magic mapping
 S - 5 scrolls of vulnerability
 T - 4 scrolls of amnesia
 Z - 2 scrolls of blinking
Potions
 c - 2 potions of resistance
 e - 4 potions of ambrosia
 i - 9 potions of brilliance
 n - 6 potions of curing
 o - 4 potions of might
 x - 8 potions of flight
 E - 3 potions of haste
 G - 5 potions of cancellation
 M - 3 potions of mutation
 R - 2 potions of magic
 U - 3 potions of invisibility


   Skills:
 - Level 7.5 Fighting
 - Level 2.6 Long Blades
 - Level 16.4 Axes
 - Level 1.7 Staves
 - Level 5.0 Ranged Weapons
 - Level 1.0 Armour
 + Level 12.2 Dodging
 - Level 1.0 Stealth
 - Level 5.0 Shields
 - Level 6.0 Spellcasting
 - Level 4.0 Hexes
 - Level 18.1 Necromancy
 - Level 5.0 Translocations
 - Level 8.0 Ice Magic
 - Level 6.0 Invocations


You had 4 spell levels left.
You knew the following spells:

 Your Spells              Type           Power      Damage    Failure   Level
a - Necrotise             Necr           100%       1d9       0%          1
b - Blink                 Tloc           40%        N/A       1%          2
c - Simulacrum            Ice/Necr       23%        N/A       4%          6
d - Death Channel         Necr           29%        N/A       1%          6
e - Ozocubu's Armour      Ice            30%        N/A       1%          3
f - Anguish               Hex/Necr       20%        N/A       1%          4
g - Apportation           Tloc           40%        N/A       1%          1

Your spell library contained the following spells:

 Spells                   Type           Power      Damage    Failure   Level
 Freeze                   Ice            100%       1d11      1%          1
 Slow                     Hex            68%        N/A       1%          1
 Ensorcelled Hibernation  Hex/Ice        48%        N/A       1%          2
 Frozen Ramparts          Ice            60%        1d10      1%          3
 Vampiric Draining        Necr           58%        2d10      1%          3
 Animate Dead             Necr           58%        N/A       1%          4
 Lesser Beckoning         Tloc           20%        N/A       2%          3
 Corpse Rot               Necr/Pois/Air  24%        N/A       6%          4
 Sting                    Tmut/Pois      16%        1d3       7%          1
 Summon Small Mammal      Summ           16%        N/A       7%          1
 Passwall                 Tmut/Erth      3%         N/A       11%         2
 Poisonous Vapours        Pois/Air       8%         N/A       11%         2
 Scorch                   Fire           8%         2d5       11%         2
 Hailstorm                Conj/Ice       17%        3d6       13%         4
 Ice Form                 Ice/Tmut       17%        N/A       13%         4
 Swiftness                Air            4%         N/A       21%         3
 Airstrike                Air            2%         2d(1-17)  52%         4
 Flame Wave               Conj/Fire      4%         2d5       52%         4
 Olgreb's Toxic Radiance  Pois           4%         N/A       52%         4
 Summon Lightning Spire   Summ/Air       4%         N/A       52%         4
 Agony                    Necr           58%        N/A       1%          5
 Metabolic Englaciation   Hex/Ice        12%        N/A       16%         5
 Manifold Assault         Tloc           20%        N/A       24%         5
 Infestation              Necr           29%        N/A       26%         8
 Haunt                    Necr/Summ      16%        N/A       77%         7
 Alistair's Intoxication  Tmut/Pois      2%         N/A       86%         5
 Lightning Bolt           Conj/Air       2%         1d13      86%         5
 Summon Cactus Giant      Summ           2%         N/A       100%        6
 Enfeeble                 Hex            8%         N/A       100%        7
 Necromutation            Tmut/Necr      16%        N/A       100%        8


Dungeon Overview and Level Annotations

Branches:
Dungeon (14/15)            Temple (1/1) D:7            Lair (5/5) D:11
 Shoals (4/4) Lair:3        Snake (1/4) Lair:2        Slime (0/5) Lair:5
    Orc (2/2) D:10            Elf (1/3) Orc:2        Vaults (1/5) D:14
  Sewer (visited)           IceCv (visited)         Volcano (visited)

Altars:
Ashenzari
Cheibriados
Dithmenos
Fedhas
Gozag
Hepliaklqana
Kikubaaqudgha
Makhleb
Nemelex Xobeh
Okawaru
Qazlal
Ru
Sif Muna
Trog
Uskayaw
Vehumet
Wu Jian
Xom
Yredelemnul

Shops:
D:1 :   D:3 :   D:14 =   Orc:1 !   Orc:2 [(*=!   Shoals:1 [!   Shoals:2 !
Snake:1 (

Annotations:
Lair:2 Aizul
Lair:4 2 runed translucent doors, Zaegoraum's ghost, journeyman DsAK
Lair:5 1 runed translucent door
Snake:1 Jorgrun; Mlioglotl
Orc:2 exclusion: downstairs


Innate Abilities, Weirdness & Mutations

Your life essence is reduced to manifest your ancestor. (-10% HP)
You are mostly covered in rugged brown scales. (AC +2, +5% HP)
You sometimes gain power by taking damage.
When hurt, damage is shared between your health and your magic reserves.
You regenerate magic rapidly.
When low on magic, you restore magic in place of health.
Your presence sometimes corrodes those you injure.
Your touch may irresistibly damage your foes and sap their willpower.


Message History

* * * LOW HITPOINT WARNING * * *
You feel very sick. Aizul hits you.
* * * LOW HITPOINT WARNING * * *
Cihuaton hits Aizul with a +0 broad axe of flaming!
Cihuaton burns Aizul.
Aizul coils herself and waves her upper body at Cihuaton.
The poison arrow misses Cihuaton.
You climb upwards.
Welcome back to the Lair of Beasts!
* * * LOW HITPOINT WARNING * * *
You feel very sick.
There is a staircase to the Snake Pit here.
Unknown command.
You feel better. Aizul casts a spell at you. The bolt of poison hits you!!
You are poisoned.
* * * LOW HITPOINT WARNING * * *
You focus on the pain.
You feel very mighty all of a sudden.
You feel better. Aizul casts a spell at you. The poison arrow misses you.
Aizul barely misses you.
Casting: Death Channel (dangerous; 1% risk of failure)
Confirm with . or Enter, or press ? or * to list all spells.
You blink.
You feel yourself speed up. Aizul casts a spell at you.
You barely resist. Aizul hits you.
* * * LOW HITPOINT WARNING * * *
Unknown command.
You feel protected. You block Aizul's attack.
You are confused.
You feel invigorated.
Aizul coils herself and waves her upper body at you.
You fall asleep.
You feel stable enough to blink again. Aizul hits you!!
You die...

#..#.......##
##.#........#
###...#######
#...###.....###
#..##........[##
#..#...#...#...####
#..[)..#.>.#......#
##.#)..#...#...#.##
####.@S......##.#
###.....###..#
#######....#####
#......[...##..##
##............#.#
#..............#
##.#............
#.#.............
####............


You could see Aizul.

Vanquished Creatures
  Frances (Lair:2)
  A storm dragon (Shoals:4)
  An ironbound thunderhulk (D:14)
  A stone giant (Volcano)
  Snorg (Lair:3)
  A merfolk impaler (Shoals:4)
  A merfolk javelineer (Shoals:4)
  A boulder beetle (Lair:3)
  3 hydras
  Harold (D:9)
  2 merfolk avatars
  A catoblepas (D:14)
  A naga warrior (Snake:1)
  4 two-headed ogres
  A merfolk aquamancer (Shoals:4)
  An alligator snapping turtle (Shoals:3)
  10 death yaks
  A satyr (Shoals:4)
  Urug (Lair:1)
  An orc high priest (Orc:2)
  Amaemon (D:9)
  A sea snake (Shoals:1)
  4 harpies
  3 orc knights
  3 orc sorcerers
  7 fauns
  9 ugly things
  6 manticores
  5 cyclopes
  7 elephants
  A molten gargoyle (Volcano)
  3 merfolk sirens
  3 gargoyles (Volcano)
  6 cane toads
  2 water nymphs
  4 rime drakes
  3 kobold demonologists
  A tengu conjurer (D:14)
  5 komodo dragons
  An anaconda simulacrum (IceCv)
  8 ice devils (IceCv)
  A troll (Orc:1)
  2 meliai (D:14)
  6 merfolk
  3 wind drakes
  A blink frog (Lair:4)
  2 slime creatures
  3 snapping turtles
  2 dream sheep (Shoals:2)
  3 air elementals (Shoals:4)
  3 wraiths
  34 yaks
  3 wyverns
  3 water elementals
  A basilisk (D:11)
  Grum (D:9)
  3 fire bats (Volcano)
  A human (D:12)
  3 vampire mosquitoes
  5 death yak simulacra (IceCv)
  A steam dragon (D:9)
  A harpy simulacrum (IceCv)
  4 nagas
  An acid dragon (D:11)
  2 hydra simulacra (IceCv)
  9 water moccasins
  6 orc warriors
  2 black bears
  An ice beast (D:6)
  4 ogres
  2 centaurs
  13 wolves
  A phantom (D:5)
  2 kobold brigands
  A necrophage (D:7)
  2 cane toad simulacra (IceCv)
  4 bullfrogs
  2 gnoll sergeants (D:8)
  2 scorpions (D:6)
  7 wights
  6 killer bees
  5 elephant simulacra (IceCv)
  A howler monkey (D:8)
  An electric eel (D:6)
  5 lava snakes (Volcano)
  2 hounds
  A jelly (D:6)
  A gnoll bouda (D:4)
  9 orc priests
  A hell rat (D:11)
  10 iguanas
  6 orc wizards
  A troll simulacrum (IceCv)
  A polar bear simulacrum (IceCv)
  A wolf simulacrum (IceCv)
  8 adders
  19 gnolls
  A naga simulacrum (IceCv)
  A river rat (Sewer)
  A shadow imp (D:6)
  4 white imps
  An ufetubus (D:6)
  4 worms
  3 dart slugs
  47 orcs
  4 ball pythons
  5 endoplasms
  6 giant cockroaches
  12 goblins
  7 hobgoblins
  23 jackals
  16 kobolds
  4 quokkas
  4 bats
  5 frilled lizards
  17 rats
508 creatures vanquished.

Vanquished Creatures (collateral kills)
  Gastronok (D:12)
  A minotaur (Lair:3)
  2 merfolk javelineers (Shoals:4)
  8 merfolk impalers
  The ghost of Ceyvaan the Thaumaturge, a journeyman DEFE of Sif Muna (Lair:3)
  2 boulder beetles
  A hydra (Lair:5)
  A merfolk avatar (Shoals:3)
  5 catoblepae
  3 centaur warriors
  2 alligators (Shoals:2)
  2 two-headed ogres
  A merfolk aquamancer (Shoals:4)
  2 death yaks
  2 satyrs
  A skeletal warrior (D:9)
  8 sea snakes
  6 harpies
  A wolf spider (D:14)
  A deep elf pyromancer (D:14)
  3 orc sorcerers (Orc:2)
  6 ugly things (D:14)
  A cyclops (D:14)
  A necromancer (IceCv)
  8 manticores
  5 fauns
  A salamander (Snake:1)
  An ice statue (IceCv)
  4 merfolk sirens
  A black mamba (Lair:4)
  2 elephants
  An orange demon (D:9)
  4 water nymphs
  A gargoyle (D:13)
  A molten gargoyle (Volcano)
  A cane toad (shapeshifter) (D:12)
  9 cane toads
  3 freezing wraiths (IceCv)
  Maggie (D:8)
  A kobold demonologist (D:11)
  4 komodo dragons
  5 rime drakes
  2 efreet
  6 ice devils
  An anaconda simulacrum (IceCv)
  A meliai (D:14)
  4 trolls
  16 merfolk
  2 polar bears (Lair:1)
  9 wind drakes
  2 slime creatures (D:14)
  6 snapping turtles
  4 blink frogs (Lair:4)
  5 dream sheep (Lair:5)
  5 air elementals
  A fire elemental (Volcano)
  11 water elementals
  A wraith (D:13)
  2 wyverns
  29 yaks
  A human (D:12)
  3 fire bats (Volcano)
  4 basilisks
  4 vampire mosquitoes
  2 steam dragons (Shoals:3)
  2 nagas
  2 death yak simulacra (IceCv)
  An acid dragon (D:10)
  A harpy simulacrum (IceCv)
  A hydra simulacrum (IceCv)
  6 water moccasins
  A meliai simulacrum (D:14)
  A black bear (D:6)
  An ice beast (D:7)
  12 orc warriors
  A sky beast (D:6)
  A boggart (D:14)
  4 centaurs
  5 ogres
  8 wolves
  A phantom (D:7)
  3 kobold brigands
  3 bullfrogs
  A gnoll sergeant (D:9)
  2 cane toad simulacra (IceCv)
  2 wights
  2 killer bees
  An elephant simulacrum (IceCv)
  3 lava snakes (Volcano)
  2 jellies
  17 orc priests
  2 gnoll boudas
  An iguana (D:5)
  21 orc wizards
  3 hell rats
  A troll simulacrum (IceCv)
  A polar bear simulacrum (IceCv)
  10 gnolls
  An adder (D:2)
  2 river rats (Sewer)
  A shadow imp (D:6)
  A white imp (D:6)
  A worm (D:3)
  22 orcs
  An endoplasm (D:3)
  3 goblins
  A hobgoblin (D:3)
  A jackal (D:3)
  2 quokkas
  A bat (Shoals:2)
  2 frilled lizards (D:11)
  2 kobolds
  4 rats
404 creatures vanquished.

Vanquished Creatures (others)
  2 merfolk javelineers (Shoals:4)
  2 merfolk impalers
  A harpy (Shoals:4)
  A manticore (Shoals:4)
  A merfolk (Shoals:4)
  A snapping turtle (Shoals:4)
  An orc priest (Orc:2)
  An orc wizard (D:7)
  50 knights
  15 fungi
  40 plants
  6 withered plants (D:2)
121 creatures vanquished.

Grand Total: 1033 creatures vanquished

Notes
Turn   | Place    | Note
-------+----------+-------------------------------------------
     0 | D:1      | odiv the Demonspawn Wanderer began the quest for the Orb.
     0 | D:1      | odiv set off with the following items: a +2 falchion, a +0
                  | quarterstaff, a +0 cloak, a potion of lignification, a +0
                  | leather armour.
     0 | D:1      | Reached XP level 1. HP: 16/16 MP: 1/1
   261 | D:1      | Gained mutation: You sometimes gain a little power by
                  | taking damage. [demonic ancestry]
   261 | D:1      | Reached XP level 2. HP: 15/23 MP: 2/2
   531 | D:1      | Found Zedog's Book Shoppe.
   897 | D:1      | Reached XP level 3. HP: 29/29 MP: 3/3
  2000 | D:2      | Found a faded altar of an unknown god.
  2059 | D:2      | Prayed at the altar of an unknown god.
  2059 | D:2      | Became a worshipper of Hepliaklqana the Forgotten
  2059 | D:2      | Reached * piety under Hepliaklqana
  2168 | D:2      | Gained mutation: Your touch may inflict minor irresistible
                  | damage on your foes. [demonic ancestry]
  2168 | D:2      | Reached XP level 4. HP: 29/34 MP: 4/4
  2783 | D:3      | Found Edeinodgh's Book Emporium.
  2786 | D:3      | Reached ** piety under Hepliaklqana
  2873 | D:3      | Reached skill level 5 in Fighting
  2873 | D:3      | Remembered your ancestor Cihuaton as a knight
  2945 | D:3      | Identified the +2 pair of gloves "Ziuwn" {rElec rF+ Will-}
  3129 | D:3      | Gained mutation: You regenerate magic rapidly. [demonic
                  | ancestry]
  3129 | D:3      | Reached XP level 5. HP: 39/39 MP: 5/5
  3428 | D:4      | Noticed a black bear
  3486 | D:4      | Reached skill level 1 in Axes
  3675 | D:4      | Found an opulent altar of Gozag.
  3693 | D:4      | Found the +4 robe of Augmentation {Str+4 Int+4 Dex+4}
  3809 | D:4      | Killed a black bear
  3810 | D:4      | Reached XP level 6. HP: 43/45 MP: 6/6
  4370 | D:4      | Reached *** piety under Hepliaklqana
  4421 | D:5      | Entered Level 5 of the Dungeon
  4525 | D:5      | Reached skill level 1 in Invocations
  4525 | D:5      | Gained mutation: You sometimes gain power by taking damage.
                  | [demonic ancestry]
  4525 | D:5      | Reached XP level 7. HP: 50/50 MP: 6/8
  4533 | D:5      | Reached skill level 5 in Axes
  5342 | D:6      | Gained mutation: Your touch may inflict irresistible damage
                  | on your foes. [demonic ancestry]
  5342 | D:6      | Reached XP level 8. HP: 54/55 MP: 11/11
  5385 | D:6      | Found a glowing drain.
  5389 | Sewer    | Entered a sewer
  5693 | D:6      | Found an ornate altar of the Wu Jian Council.
  5696 | D:6      | Found a burning altar of Makhleb.
  7015 | D:6      | Learned a level 1 spell: Necrotise
  7058 | D:7      | Reached skill level 1 in Necromancy
  7058 | D:7      | Gained mutation: You are partially covered in rugged brown
                  | scales. (AC +1, +3% HP) [demonic ancestry]
  7058 | D:7      | Reached XP level 9. HP: 55/63 MP: 12/12
  7143 | D:7      | Reached skill level 2 in Necromancy
  7155 | D:7      | Found a staircase to the Ecumenical Temple.
  7182 | Temple   | Entered the Ecumenical Temple
  7416 | D:7      | Reached skill level 3 in Necromancy
  7424 | D:7      | Reached **** piety under Hepliaklqana
  7538 | D:7      | Reached skill level 4 in Necromancy
  7762 | D:7      | Reached skill level 5 in Necromancy
  7921 | D:8      | Noticed Maggie
  8947 | D:8      | Reached skill level 10 in Axes
  9379 | D:9      | Noticed Grum
  9399 | D:9      | Gained mutation: When hurt, damage is shared between your
                  | health and your magic reserves. [demonic ancestry]
  9399 | D:9      | Reached XP level 10. HP: 37/68 MP: 11/13
  9450 | D:9      | Killed Grum
  9723 | D:9      | Reached skill level 5 in Dodging
 10061 | D:9      | Noticed a green ugly thing
 10061 | D:9      | Noticed a skeletal warrior
 10061 | D:9      | Noticed Amaemon
 10061 | D:9      | Noticed an orange demon
 10189 | D:8      | Killed Maggie
 10325 | D:9      | Noticed a seven-headed hydra
 10343 | D:9      | Killed a green ugly thing
 10354 | D:10     | Entered Level 10 of the Dungeon
 10621 | D:10     | Noticed Harold
 10721 | D:9      | Killed an orange demon
 10965 | D:9      | Killed a six-headed hydra
 11242 | D:9      | Killed Amaemon
 11243 | D:9      | Gained mutation: Your touch may irresistibly damage your
                  | foes and sap their willpower. [demonic ancestry]
 11243 | D:9      | Reached XP level 11. HP: 74/74 MP: 14/14
 11302 | D:10     | Noticed an orc knight
 11329 | D:10     | Killed an orc knight
 11384 | D:10     | Noticed an orc knight
 11698 | D:10     | Killed an orc knight
 11964 | D:10     | Reached skill level 1 in Spellcasting
 12226 | D:10     | Found a staircase to the Orcish Mines.
 12584 | D:11     | Noticed a death yak
 12882 | D:11     | Reached skill level 6 in Necromancy
 13047 | D:11     | Noticed a two-headed ogre
 13057 | D:11     | Found a staircase to the Lair.
 13093 | D:11     | Noticed a death yak
 13093 | D:11     | Noticed a death yak
 13325 | D:11     | Killed a two-headed ogre
 13702 | D:11     | Reached skill level 7 in Necromancy
 14396 | D:12     | Noticed a two-headed ogre
 14404 | D:12     | Killed a two-headed ogre
 14526 | D:12     | Reached skill level 8 in Necromancy
 14575 | D:12     | Learned a level 3 spell: Ozocubu's Armour
 14978 | D:12     | Gained mutation: Your presence sometimes corrodes those you
                  | injure. [demonic ancestry]
 14978 | D:12     | Reached XP level 12. HP: 75/79 MP: 16/16
 15206 | D:12     | Noticed a two-headed ogre
 15209 | D:12     | Killed a two-headed ogre
 15210 | D:12     | Reached skill level 9 in Necromancy
 15230 | D:12     | Noticed Gastronok
 15241 | D:12     | Killed Gastronok
 15363 | D:12     | Found an iron altar of Okawaru.
 16156 | D:11     | Killed a death yak
 16322 | D:11     | Killed a death yak
 16323 | D:11     | Reached skill level 10 in Necromancy
 16870 | Lair:1   | Entered Level 1 of the Lair of Beasts
 17113 | Lair:1   | Noticed Urug
 17273 | Lair:1   | Reached skill level 1 in Ice Magic
 17967 | Lair:2   | Reached ***** piety under Hepliaklqana
 18010 | Lair:2   | Reached skill level 11 in Necromancy
 18426 | Lair:2   | Found a staircase to the Snake Pit.
 19059 | Lair:3   | Noticed Snorg
 19059 | Lair:3   | Found a dark tunnel.
 19069 | Lair:3   | Killed Snorg
 19070 | Lair:3   | Gained mutation: When low on magic, you restore magic in
                  | place of health. [demonic ancestry]
 19070 | Lair:3   | Reached XP level 13. HP: 55/88 MP: 8/17
 19220 | Volcano  | Entered a volcano
 19610 | Volcano  | Found a burning altar of Makhleb.
 19826 | Volcano  | Noticed a stone giant
 19897 | Volcano  | Killed a stone giant
 20283 | Volcano  | Reached skill level 1 in Shields
 20511 | Lair:3   | Found a staircase to the Shoals.
 20850 | Lair:3   | Reached skill level 5 in Shields
 20904 | Lair:3   | Found a runed translucent gate.
 20904 | Lair:3   | Found a runed translucent gate.
 20904 | Lair:3   | Found a runed translucent gate.
 21004 | Lair:3   | Reached skill level 12 in Necromancy
 21204 | Lair:3   | Noticed Ceyvaan's ghost (journeyman DEFE)
 21211 | Lair:3   | Noticed a minotaur
 21470 | Lair:4   | Reached skill level 5 in Ice Magic
 21944 | Lair:4   | Found a large runed translucent door.
 21953 | Lair:4   | Found a large runed translucent door.
 21991 | Lair:4   | Noticed Zaegoraum's ghost (journeyman DsAK)
 22462 | D:3      | Bought the Verses on Enthralling Sinister Liturgies for 504
                  | gold pieces
 22469 | D:3      | Learned a level 6 spell: Death Channel
 22476 | D:3      | Learned a level 6 spell: Simulacrum
 22476 | D:3      | Bought a book of Spatial Translocations for 364 gold pieces
 22479 | D:3      | Learned a level 2 spell: Blink
 22590 | D:9      | Killed Harold
 22591 | D:9      | Reached skill level 1 in Translocations
 22678 | Orc:1    | Entered Level 1 of the Orcish Mines
 22766 | Orc:1    | Found a frozen archway.
 22883 | IceCv    | Entered an ice cave
 22982 | IceCv    | Gained mutation: You are mostly covered in rugged brown
                  | scales. (AC +2, +5% HP) [demonic ancestry]
 22982 | IceCv    | Reached XP level 14. HP: 76/97 MP: 13/18
 23239 | IceCv    | Found an ancient bone altar of Kikubaaqudgha.
 23389 | IceCv    | Reached skill level 1 in Ranged Weapons
 24515 | Orc:1    | Reached skill level 13 in Necromancy
 25091 | Lair:5   | Entered Level 5 of the Lair of Beasts
 25148 | Lair:5   | Reached skill level 5 in Translocations
 25159 | Lair:5   | Found a runed translucent door.
 25301 | Lair:5   | Found a staircase to the Slime Pits.
 25301 | Lair:5   | Noticed an acid blob
 25781 | Lair:5   | Reached skill level 14 in Necromancy
 25963 | Lair:5   | Reached skill level 15 in Axes
 26432 | Lair:5   | Reached skill level 5 in Ranged Weapons
 26741 | Lair:5   | Reached ****** piety under Hepliaklqana
 26924 | Orc:2    | Entered Level 2 of the Orcish Mines
 26941 | Orc:2    | Found a staircase to the Elven Halls.
 26953 | Orc:2    | Reached XP level 15. HP: 102/102 MP: 18/22
 27019 | Orc:2    | Found Gateihucu's Distillery.
 27038 | Orc:2    | Paralysed by an orc sorcerer for 5 turns
 27064 | Orc:2    | Bought a potion of heal wounds for 80 gold pieces
 27064 | Orc:2    | Bought 2 potions of resistance for 320 gold pieces
 27064 | Orc:2    | Bought a potion of haste for 160 gold pieces
 27309 | Orc:1    | Learned a level 4 spell: Anguish
 27403 | Orc:2    | Reached skill level 1 in Hexes
 27403 | Orc:2    | Reached skill level 15 in Necromancy
 27462 | Orc:2    | Reached skill level 5 in Spellcasting
 27485 | Orc:2    | Found Kuph's Jewellery Shoppe.
 27485 | Orc:2    | Found Egefudd's Assorted Antiques.
 27489 | Orc:2    | Found Cemmajer's Armour Emporium.
 27492 | Orc:2    | Found Owkeosk's Antique Weapon Emporium.
 27780 | Orc:2    | Bought a scroll labelled APTAWA OLIYNLE for 34 gold pieces
 28017 | Orc:2    | Bought a scroll of identify for 68 gold pieces
 28017 | Orc:2    | Bought a scroll of blinking for 255 gold pieces
 28082 | Orc:2    | Bought a potion of flight for 48 gold pieces
 28082 | Orc:2    | Bought 2 potions of might for 128 gold pieces
 28082 | Orc:2    | Bought a potion of curing for 48 gold pieces
 28480 | D:13     | Identified the +2 leather armour "Neborph" {Int+4}
 29912 | D:14     | Found Gewoud's Jewellery Shoppe.
 30208 | D:14     | Found a gate to the Vaults.
 30510 | D:14     | Reached skill level 16 in Necromancy
 31093 | Shoals:1 | Entered Level 1 of the Shoals
 31114 | Shoals:1 | Identified the +1 cloak of Sophism {rCorr Int+3}
 31343 | Snake:1  | Entered Level 1 of the Snake Pit
 31363 | Snake:1  | Noticed Frances
 31437 | Lair:2   | Killed Frances
 31763 | Snake:1  | Found Liser's Weapon Boutique.
 31799 | Snake:1  | Found a gateway to a bazaar.
 31808 | Bazaar   | Entered a bazaar
 31808 | Bazaar   | Found Exefisch's Magic Scroll Shoppe.
 31808 | Bazaar   | Found Ublitog's Antique Armour Boutique.
 31808 | Bazaar   | Found Suosotysyr's Antique Armour Shoppe.
 31808 | Bazaar   | Found Byliotas's Magic Scroll Shop.
 31810 | Bazaar   | Found Ykabole's Assorted Antiques.
 31810 | Bazaar   | Found Acsoschi's Assorted Antiques.
 31868 | Bazaar   | Bought a scroll of teleportation for 39 gold pieces
 31868 | Bazaar   | Bought a scroll of enchant armour for 97 gold pieces
 31876 | Bazaar   | Bought a scroll of brand weapon for 114 gold pieces
 31876 | Bazaar   | Bought a scroll of enchant armour for 90 gold pieces
 31876 | Bazaar   | Bought a scroll of teleportation for 36 gold pieces
 31885 | Bazaar   | Bought a potion of curing for 60 gold pieces
 31885 | Bazaar   | Bought a potion of curing for 60 gold pieces
 31890 | Bazaar   | Bought a scroll of fear for 68 gold pieces
 31890 | Bazaar   | Bought a wand of digging (3) for 214 gold pieces
 31910 | Snake:1  | Noticed Jorgrun
 31931 | Snake:1  | Noticed Mlioglotl
 31939 | Snake:1  | Noticed Aizul
 32656 | Shoals:1 | Learned a level 1 spell: Apportation
 32929 | Shoals:1 | Found Atijulah's Distillery.
 32943 | Shoals:1 | Bought a potion of resistance for 100 gold pieces
 32943 | Shoals:1 | Bought a potion of heal wounds for 50 gold pieces
 33018 | Shoals:1 | Found Liateic's Antique Armour Shoppe.
 33144 | Shoals:2 | Found Dudirch's Distillery.
 33741 | Shoals:2 | Identified the +6 plate armour of Fuil Mue {Fly Str+6}
 34194 | Shoals:3 | Reached skill level 17 in Necromancy
 34463 | Shoals:3 | Reached XP level 16. HP: 80/109 MP: 17/23
 34753 | Shoals:3 | Reached skill level 5 in Invocations
 36169 | Shoals:4 | Entered Level 4 of the Shoals
 36546 | Lair:1   | Killed Urug
 37381 | Lair:3   | Killed Ceyvaan's ghost
 37532 | Elf:1    | Entered Level 1 of the Elven Halls
 37796 | Shoals:4 | Paralysed by an air elemental for 1 turns
 38730 | Shoals:4 | Paralysed by an air elemental for 1 turns
 39469 | Shoals:4 | Paralysed by an air elemental for 1 turns
 39832 | Shoals:4 | Paralysed by an air elemental for 1 turns
 39887 | Shoals:4 | Reached skill level 18 in Necromancy
 40154 | Shoals:4 | Paralysed by an air elemental for 1 turns
 40162 | Shoals:4 | Paralysed by an air elemental for 1 turns
 40172 | Shoals:4 | Paralysed by an air elemental for 1 turns
 40175 | Shoals:4 | Paralysed by an air elemental for 1 turns
 40395 | Shoals:3 | Paralysed by an air elemental for 1 turns
 40752 | Shoals:4 | Paralysed by an air elemental for 1 turns
 40755 | Shoals:4 | Paralysed by an air elemental for 1 turns
 40880 | Shoals:2 | Bought a potion of resistance for 130 gold pieces
 40880 | Shoals:2 | Bought a potion of curing for 39 gold pieces
 41864 | Shoals:4 | Paralysed by an air elemental for 1 turns
 41987 | Shoals:4 | Paralysed by an air elemental for 1 turns
 41992 | Shoals:4 | Paralysed by an air elemental for 1 turns
 42257 | Shoals:4 | Reached skill level 10 in Dodging
 43777 | Shoals:4 | Found the ring of the Octopus King {rCorr HP+2 AC+2 EV+2
                  | SH+2}
 43840 | Shoals:4 | Paralysed by an air elemental for 1 turns
 44524 | Shoals:4 | Identified the amulet of Uskayaw's Favour {Acrobat Rampage
                  | rElec}
 45624 | Shoals:4 | Noticed a storm dragon
 45983 | Shoals:4 | Killed a storm dragon
 46259 | Shoals:4 | Got a barnacled rune of Zot
 46529 | Vaults:1 | Entered Level 1 of the Vaults
 46779 | Lair:2   | HP: 1/111 [Aizul/bolt of poison (18)]
 46785 | Lair:2   | Mangled by Aizul

Illustrated notes

Levels and vault maps discovered:
D:1:      dpeg_arrival_radiant, layout_loops_corners, serial_shops,
          nicolae_shop_window_shopping, minmay_misc_feat_tower,
          serial_bayou_pond_a
D:2:      layout_loops_corners, ebering_ecumenical_altar_petrified
D:3:      layout_loops_cross, serial_shops, nicolae_shop_hallway_plus,
          minmay_diced_spiral
D:4:      layout_basic, grunt_gozag_statues, minmay_misc_feat_x
D:5:      layout_basic, zin_scriptorium
D:6:      minmay_polygon_palace, layout_layer_cave, nicolae_overflow_squiral,
          gup_sewer_entry_bowl
D:7:      layout_rooms, minmay_temple_entry_waves, st_stairs_12
D:8:      layout_basic, uniq_maggie
D:9:      minmay_bloctagon_deflated, layout_rooms,
          nicolae_tso_swordbearing_angel, uniq_amaemon, uniq_grum
D:10:     layout_basic, david_orc_5, hangedman_decor_diamond_cutter, uniq_harold
D:11:     minmay_spotlight, layout_basic, dpeg_lair_monsters, minmay_lizard_king
D:12:     layout_basic, okawaru_humans, uniq_gastronok
D:13:     layout_loops_ring, chequers_serial_rivers_micro_d
D:14:     kennysheep_blocky_room, layout_basic, serial_shops, shop,
          reono_crystal_passage
Temple:   minmay_crystal_spiral_temple
Lair:1:   layout_layer_cave, cheibrodos_lair_lostbears, uniq_urug
Lair:2:   layout_cave_shapes, minmay_snake_entry_guardpost_medium,
          grunt_megastairs_5
Lair:3:   layout_misc_corridors, elwin_shoals_entry_rocks,
          nicolae_volcano_entry_hallway, maelrawn_ghost_gauntlet_escape,
          uniq_snorg
Lair:4:   layout_gridlike, ebering_ghost_disaster_area
Lair:5:   evilmike_catoblepas_cave, layout_hall_layers, slime_entry_2
Shoals:1: layout_shoals, serial_shops, nicolae_shop_trees,
          nicolae_shoals_c_island
Shoals:2: layout_shoals, serial_shops, nicolae_lakefront_shop,
          nicolae_shoals_siren_and_animal_friends
Shoals:3: layout_shoals, nicolae_shoals_drake_roost
Shoals:4: shoals_end_hellmonk_storm_palace [storm_palace_center_ruins,
          storm_palace_corner_grid, storm_palace_corner_pillars,
          storm_palace_corner_narrow, storm_palace_corner_grid]
Snake:1:  layout_basic, serial_shops, bzr_in_the_mist, shop,
          serial_bayou_shore_b, serial_bayou_shore_b, uniq_frances, uniq_aizul,
          uniq_mlioglotl, uniq_jorgrun
Orc:1:    layout_caves, portal_ice_cave_demonic_guard
Orc:2:    st_orc_mages, layout_caves, serial_shops, nicolae_shop_statue_plus,
          basic_altar
Elf:1:    elf_arrival_002, layout_onion_city, serial_shops,
          nicolae_shop_hallway_stairs, hangedman_elf_disciples, uniq_zenata
Vaults:1: mu_enter_wizlab_6, v_alt_pattern_4,
          nicolae_vaults_windows_and_doors_thing, dpeg_vaults_waves,
          vaults_room_pools, ontoclasm_vaults_spin, grunt_vaults_hallway_short,
          vaults_room_stairs_pillars, vaults_dpeg_hooks, layout_vaults_omnigrid,
          serial_shops, nicolae_shop_behind_doors, shop, shop_statue

Skill      XL: |  1  2  3  4  5  6  7  8  9 10 11 12 13 14 15 16 |
---------------+-------------------------------------------------+-----
Fighting       | 3 4 5 6 7 |  7.5
Axes           | 3 4 6 9 10 11 13 14 15 16 | 16.4
Invocations    | 1 4 6 |  6.0
Necromancy     | 1 5 8 11 12 14 17 18 | 18.1
Dodging        | 4 7 8 12 | 12.2
Spellcasting   | 3 4 5 6 |  6.0
Ice Magic      | 3 5 6 8 |  8.0
Shields        | 5 |  5.0
Translocations | 3 5 |  5.0
Ranged Weapons | 5 |  5.0
Hexes          | 4 |  4.0
Long Blades    | |  2.6
Staves         | |  1.7
Armour         | |  1.0
Stealth        | |  1.0

Action                   |  1- 3 |  4- 6 |  7- 9 | 10-12 | 13-15 | 16-18 || total
-------------------------+-------+-------+-------+-------+-------+-------++-------
Melee: Falchion          |    26 |       |       |       |       |       ||    26
       Punch             |     2 |       |     3 |     6 |     1 |       ||    12
       Hand axe          |    97 |   104 |   204 |   147 |       |       ||   552
       Touch             |       |    23 |    46 |    56 |    14 |       ||   139
       Whip              |       |       |       |   141 |    42 |       ||   183
       Demon whip        |       |       |       |    11 |       |       ||    11
       Broad axe         |       |       |       |       |   752 |   276 ||  1028
 Fire: Sling             |    21 |       |       |       |       |       ||    21
       Shortbow          |       |       |       |   314 |    42 |       ||   356
       Hand crossbow     |       |       |       |       |   398 |   206 ||   604
Throw: Dart              |     1 |     3 |    17 |    11 |       |       ||    32
       Throwing net      |       |       |       |       |     5 |     1 ||     6
 Cast: Necrotise         |       |       |    12 |    27 |    22 |       ||    61
       Ozocubu's Armour  |       |       |       |     1 |    13 |    13 ||    27
       Death Channel     |       |       |       |       |    29 |    33 ||    62
       Blink             |       |       |       |       |     7 |     3 ||    10
       Apportation       |       |       |       |       |    10 |    11 ||    21
       Simulacrum        |       |       |       |       |     5 |    12 ||    17
       Anguish           |       |       |       |       |       |    27 ||    27
Invok: Recall Ancestor   |       |     1 |       |     7 |     7 |    25 ||    40
       Ancestor Life: Kn |       |     1 |       |       |       |       ||     1
       Transference      |       |       |     1 |     2 |       |       ||     3
Evoke: Wand              |       |       |       |    28 |     7 |     2 ||    37
  Use: Scroll            |       |     7 |     8 |    10 |    20 |     9 ||    54
       Potion            |       |       |     1 |     3 |     8 |    19 ||    31
 Stab: Sleeping          |     3 |     3 |     5 |     1 |       |       ||    12
       Distracted        |       |       |     2 |       |    13 |     4 ||    19
       Petrified         |       |       |       |       |    17 |       ||    17
Armor: Leather armour    |    25 |    24 |       |    13 |    65 |       ||   127
       Robe              |       |    18 |    45 |    31 |    56 |    61 ||   211
Dodge: Dodged            |    82 |    65 |   113 |   193 |   472 |   357 ||  1282
Block: Other             |    13 |    34 |    41 |    77 |    15 |       ||   180
       Reflection        |     1 |     1 |     1 |     2 |    27 |    20 ||    52
       Buckler           |       |       |       |       |   445 |   261 ||   706
